 Dungeon Crawl Stone Soup version 0.29.0-4-gdea44cf6ec (webtiles) character file.

Game seed: 12505733325030247584

275 qw the Chopper (level 6, -3/38 HPs)
             Began as a Gargoyle Berserker on Sept 4, 2022.
             Was a Believer of Trog.
             Slain by a gnoll
             ... wielding a +0 whip
              (8 damage)
             ... on level 4 of the Dungeon.
             The game lasted 00:01:10 (3378 turns).

qw the Chopper (Gargoyle Berserker)                 Turns: 3378, Time: 00:01:11

Health: -3/38      AC:  9    Str: 22    XL:     6   Next: 25%
Magic:  6/6        EV: 11    Int:  8    God:    Trog [**....]
Gold:   143        SH:  0    Dex:  9    Spells: 5/5 levels left

rFire   . . .      SeeInvis .   Y - +0 hand axe (vorpal)
rCold   . . .      Faith    .   (no shield)
rNeg    + . .      Spirit   .   p - +0 leather armour
rPois   inf        Reflect  .   m - +0 helmet
rElec   +          Harm     .   c - +0 cloak
rCorr   .          Rampage  .   (no gloves)
Will    .....                   (no boots)
Stlth   +.........              (no amulet)
HPRegen 0.12/turn               (no ring)
MPRegen 0.10/turn               (no ring)

@: about to teleport, on berserk cooldown, slowed, very slow
A: sickness immunity, AC +4, negative energy resistance 1, electricity
resistance, torment resistance 1, petrification resistance
a: Renounce Religion, Berserk, Trog's Hand


You were on level 4 of the Dungeon.
You worshipped Trog.
Trog was pleased with you.
You visited 1 branch of the dungeon, and saw 4 of its levels.

You collected 143 gold pieces.


Innate Abilities, Weirdness & Mutations

You are immune to sickness and miasma.
Your stone body is resilient. (AC +4)
You are immune to poison.
You resist negative energy. (rN+)
You are resistant to electric shocks. (rElec)
You are resistant to unholy torment.
You are immune to petrification.


   Skills:
 - Level 4.0 Fighting
 + Level 5.9 Axes
 - Level 2.1 Armour
 - Level 1.5 Dodging


You had 5 spell levels left.
You didn't know any spells.
Your spell library was empty.

Inventory:

Hand Weapons
 h - a +0 whip
 Y - a +0 vorpal hand axe (weapon)
Armour
 c - a +0 cloak (worn)
 m - a +0 helmet (worn)
 p - a +0 leather armour (worn)
Jewellery
 j - a ring of fire
Scrolls
 a - a scroll of identify
Potions
 d - a potion of ambrosia {unknown}
 e - a potion of curing {unknown}
 f - a potion of resistance {unknown}
 g - a potion of degeneration {unknown}
 k - a potion of invisibility {unknown}
 r - a potion of berserk rage {unknown}

Dungeon Overview and Level Annotations

Branches:
Dungeon (4/15)
 Temple: D:4-7

Altars:
Qazlal

Annotations:
D:3 1 runed translucent door, Crazy Yiuf


Message History

You feel a little less clever now. The gnoll hits you with a +0 flail.
You barely miss the gnoll.
The gnoll is moderately wounded.
You hit the iguana. The gnoll hits you with a +0 flail!
The iguana barely misses you. The gnoll misses you.
The iguana bites you but does no damage.
You hit the gnoll but do no damage.
The gnoll is moderately wounded.
You barely miss the iguana. The gnoll barely misses you.
The iguana barely misses you.
You hit the gnoll.
The gnoll is severely wounded.
You hit the iguana. The gnoll hits you but does no damage.
The gnoll closely misses you. The iguana bites you!
The gnoll hits you from afar with a +0 spear.
The gnoll barely misses you. The iguana bites you.
You hit the gnoll.
You kill the gnoll!
Trog accepts your kill.
You hit the iguana but do no damage. The gnoll barely misses you.
The iguana bites you.
You barely miss the iguana.
The iguana is moderately wounded.
The gnoll completely misses you. The iguana closely misses you.
The gnoll closely misses you. The iguana closely misses you.
The gnoll barely misses you.
You barely miss the iguana.
The iguana is moderately wounded.
You hit the gnoll.
The gnoll hits you from afar with a +0 spear.
The gnoll hits you with a +0 whip.
The iguana bites you but does no damage.
3378 ||| READING scroll of teleportation.
As you read the scroll of teleportation, it crumbles to dust.
You feel strangely unstable. The gnoll closely misses you.
The gnoll hits you with a +0 whip!
You die...

... ...##. ..
#...... #.#
....... #..
.......# .
#..#.......#
..###...........
.#....#.g..l....
......gl# ......
.......@##......
......).#.......
................
...#......w.....
.. #............
#...####........
#... #........
.#. ......... #
.........


You could see an iguana and 2 gnolls.

Vanquished Creatures
  Sigmund (D:2)
  3 gnolls (D:4)
  An adder (D:2)
  3 worms
  4 dart slugs
  2 orcs
  8 ball pythons
  2 endoplasms (D:1)
  6 giant cockroaches
  A goblin (D:1)
  3 hobgoblins
  7 kobolds
  A quokka (D:3)
  8 bats
  6 frilled lizards
  7 rats
63 creatures vanquished.

Vanquished Creatures (others)
  A plant (D:3)
1 creature vanquished.

Grand Total: 64 creatures vanquished

Notes
Turn   | Place    | Note
-------+----------+-------------------------------------------
     0 | D:1      | qw the Gargoyle Berserker began the quest for the Orb.
     0 | D:1      | Reached XP level 1. HP: 14/14 MP: 1/1
     0 | D:1      | 0 ||| qw: Version: 0.1-a-103-gd6f5d3a
     0 | D:1      | 0 ||| qw: Game counter: 5527
     0 | D:1      | 0 ||| qw: Always use a shield: true
     0 | D:1      | 0 ||| qw: Do Orc after D:15 true
     0 | D:1      | 0 ||| qw: Do second Lair branch before Depths: true
     0 | D:1      | 0 ||| qw: Lair rune preference: random
     0 | D:1      | 0 ||| qw: Plans: Normal
     0 | D:1      | 0 ||| PLANNING D:1-11
    76 | D:1      | Reached skill level 3 in Axes
   107 | D:1      | Reached XP level 2. HP: 19/19 MP: 2/2
   186 | D:1      | You fall into a shaft and drop 1 floor!
   268 | D:2      | Noticed Sigmund
   269 | D:2      | 269 ||| Stepping ~*~*~tactically~*~*~ (stealth).
   270 | D:2      | 270 ||| Stepping ~*~*~tactically~*~*~ (stealth).
   290 | D:2      | 290 ||| INVOKING Berserk.
   294 | D:2      | Killed Sigmund
   295 | D:2      | Reached skill level 5 in Axes
   295 | D:2      | Reached XP level 3. HP: 23/23 MP: 3/3
   295 | D:2      | Reached XP level 4. HP: 28/28 MP: 4/4
   295 | D:2      | Reached XP level 5. HP: 32/32 MP: 5/5
   421 | D:2      | 421 ||| READING scroll labelled PUERCH TEREU.
   726 | D:1      | 726 ||| Stepping ~*~*~tactically~*~*~ (stealth).
   728 | D:1      | 728 ||| Stepping ~*~*~tactically~*~*~ (stealth).
   731 | D:1      | 731 ||| Stepping ~*~*~tactically~*~*~ (stealth).
   742 | D:1      | 742 ||| Stepping ~*~*~tactically~*~*~ (hiding).
   871 | D:1      | Found a faded altar of an unknown god.
  1125 | D:1      | Reached ** piety under Trog
  1147 | D:1      | Found a stormy altar of Qazlal.
  1222 | D:1      | 1222 ||| READING scroll labelled NOMAUTZATO.
  1226 | D:1      | 1226 ||| READING scroll labelled VOFEATH HAXTIQUAC.
  1327 | D:1      | 1327 ||| READING scroll labelled INOS FAL USORA.
  1329 | D:1      | 1329 ||| READING scroll labelled OCVIER XILOITI.
  1707 | D:2      | 1707 ||| Stepping ~*~*~tactically~*~*~ (stealth).
  1709 | D:2      | 1709 ||| Stepping ~*~*~tactically~*~*~ (stealth).
  1710 | D:2      | 1710 ||| Stepping ~*~*~tactically~*~*~ (stealth).
  1712 | D:2      | 1712 ||| Stepping ~*~*~tactically~*~*~ (stealth).
  1714 | D:2      | 1714 ||| Stepping ~*~*~tactically~*~*~ (stealth).
  1723 | D:2      | 1723 ||| Stepping ~*~*~tactically~*~*~ (hiding).
  2132 | D:2      | 2132 ||| UPGRADING to +0 cloak.
  2341 | D:3      | Reached XP level 6. HP: 35/38 MP: 6/6
  2916 | D:3      | 2916 ||| Stepping ~*~*~tactically~*~*~ (stealth).
  2920 | D:3      | 2920 ||| Stepping ~*~*~tactically~*~*~ (stealth).
  2921 | D:3      | 2921 ||| Stepping ~*~*~tactically~*~*~ (stealth).
  3011 | D:3      | Found a runed translucent door.
  3012 | D:3      | Noticed Crazy Yiuf
  3288 | D:3      | 3288 ||| UPGRADING to +0 helmet.
  3293 | D:3      | 3293 ||| UPGRADING to +0 leather armour.
  3303 | D:3      | 3303 ||| DROPPING +0 animal skin.
  3304 | D:3      | 3304 ||| READING scroll labelled EPUOCSI ZOHAPNUTI.
  3305 | D:3      | 3305 ||| READING scroll labelled WOUMIC WOUKK.
  3306 | D:3      | 3306 ||| READING scroll labelled JUANACW EXOL.
  3307 | D:3      | 3307 ||| DRINKING 2 grey potions.
  3308 | D:3      | 3308 ||| DROPPING potion of brilliance.
  3354 | D:4      | 3354 ||| Stepping ~*~*~tactically~*~*~ (hiding).
  3355 | D:4      | 3355 ||| Stepping ~*~*~tactically~*~*~ (hiding).
  3357 | D:4      | 3357 ||| Stepping ~*~*~tactically~*~*~ (hiding).
  3359 | D:4      | 3359 ||| Stepping ~*~*~tactically~*~*~ (hiding).
  3361 | D:4      | 3361 ||| INVOKING Berserk.
  3377 | D:4      | HP: 5/38 [gnoll/+0 whip (6)]
  3378 | D:4      | 3378 ||| READING scroll of teleportation.
  3378 | D:4      | Slain by a gnoll

Levels and vault maps discovered:
D:1:      dpeg_arrival_lava_altar, layout_basic,
          hellmonk_ecumenical_altar_defaced_shrine
D:2:      layout_basic, uniq_sigmund
D:3:      layout_loops_corners, saegor_snake_ambush, uniq_crazy_yiuf_cottage
D:4:      layout_layer_cave, mainiacjoe_overflow_alcove_2,
          hangedman_minor_gate_pass, uniq_pikel

Skill      XL: |  1  2  3  4  5 |
---------------+----------------+-----
Axes           | 3 5 |  5.9
Fighting       | 4 |  4.0
Armour         | |  2.1
Dodging        | |  1.5

Action                   |  1- 3 |  4- 6 || total
-------------------------+-------+-------++-------
Melee: Hand axe          |    20 |   163 ||   183
       Punch             |       |     2 ||     2
Invok: Berserk           |     1 |     1 ||     2
  Use: Scroll            |       |     9 ||     9
       Potion            |       |     1 ||     1
Armor: Animal skin       |     3 |    58 ||    61
       Leather armour    |       |     4 ||     4
Dodge: Dodged            |    11 |   111 ||   122

Table legend:
 A = Non-vault XP
 B = Vault XP
 C = Vault XP percentage of total XP
 D = Non-vault monster count
 E = Vault monster count
 F = Vault count percentage of total count
                 A         B        C        D         E       F
            +---------+---------+-------+---------+---------+-------
      Total |     152 |     242 |  61.4 |      55 |       8 |  12.7
            +---------+---------+-------+---------+---------+-------
        D:1 |      35 |       9 |  20.5 |      21 |       3 |  12.5
        D:2 |      42 |     226 |  84.3 |      15 |       1 |   6.2
        D:3 |      26 |       4 |  13.3 |      15 |       3 |  16.7
        D:4 |      49 |       3 |   5.8 |       4 |       1 |  20.0
            +---------+---------+-------+---------+---------+-------
